[Event "NOR-ch Women 2020"]
[Site "Bergen"]
[Date "2020.03.01"]
[Round "5.4"]
[White "Kyrkjebo, Marte B."]
[Black "Nordquelle, Amelia"]
[Result "1/2-1/2"]
[ECO "B52"]
[WhiteElo "1887"]
[BlackElo "1768"]
[Annotator "NA"]
[PlyCount "86"]
[EventDate "2020.02.28"]
[EventType "swiss"]
[EventCountry "NOR"]
[SourceTitle "playchess.com"]
[Source "ChessBase"]
[SourceQuality "1"]
[TimeControl "5400+30"]

1. e4 c5 2. Nf3 d6 3. Bb5+ Bd7 4. Bxd7+ Qxd7 5. c4 Nc6 6. Nc3 g6 7. d4 cxd4 8. Nxd4 Bg7 9. Be3 Nf6 10. f3 O-O 11. O-O Rac8 12. b3 Nxd4 {[%emt 0:01:08] B52: Sicilian: Moscow Variation with 3...Bd7.} 13. Bxd4 b6 14. a4 Qb7 {[%emt 0:03:49] [#]} 15. a5 $146 ({Predecessor:} 15. Nd5 Nxd5 16. exd5 a6 17. Bxg7 Kxg7 18. Qd4+ Kg8 19. Rf2 b5 20. axb5 axb5 21. Ra7 {½-½ (36) Diakonova,E (2236)-Linker,M (2269) Sochi 2018}) 15... Nd7 16. Nd5 Bxd4+ 17. Qxd4 Nc5 18. Qe3 e6 19. Nf6+ Kg7 20. Ng4 f6 21. Rfd1 Rcd8 22. b4 Na6 23. Ra4 Rd7 24. axb6 axb6 {[%emt 0:00:38] [#]} 25. Rda1 $2 (25. e5 $1 $18 ) 25... Nc7 26. Ra7 Qb8 27. Qa3 Rfd8 28. Qa4 ({White should play} 28. Qc1 $16) 28... b5 29. Qb3 Qb6+ $14 (29... bxc4 $11 30. Qxc4 Qb6+ 31. Nf2 Rb8) 30. Kh1 h5 31. Ne3 Kf7 32. cxb5 Nxb5 33. Rxd7+ Rxd7 34. Nc4 Qc6 35. Na5 Qb6 36. Rc1 Rc7 37. Rxc7+ Qxc7 38. h3 Qc1+ 39. Kh2 Qf4+ 40. Kg1 Qc1+ 41. Kh2 Qf4+ 42. Kg1 Qc1+ 43. Kh2 Qf4+ 1/2-1/2

[Event "NOR-ch Women 2020"]
[Site "Bergen"]
[Date "2020.03.01"]
[Round "5.5"]
[White "Greibrokk, Ingrid"]
[Black "Hansen, Erle Andrea Marki"]
[Result "1/2-1/2"]
[ECO "E61"]
[WhiteElo "1862"]
[BlackElo "1860"]
[Annotator "NA"]
[PlyCount "121"]
[EventDate "2020.02.28"]
[EventType "swiss"]
[EventCountry "NOR"]
[SourceTitle "playchess.com"]
[Source "ChessBase"]
[SourceQuality "1"]
[TimeControl "5400+30"]

1. c4 Nf6 2. g3 g6 3. Bg2 Bg7 4. Nc3 O-O 5. e3 d6 6. Nge2 Nbd7 7. O-O c6 8. d4 e5 9. b3 Ne8 10. dxe5 Nxe5 11. Qc2 Qc7 12. Ba3 Rb8 13. Rac1 Qa5 14. Bb2 Nf6 15. Rfd1 Rd8 (15... Bf5 $11 {remains equal.} 16. e4 Bg4) 16. h3 Qc7 17. Rd2 b5 18. cxb5 cxb5 19. Ne4 Qxc2 20. Nxf6+ Bxf6 21. Rcxc2 Bb7 22. f4 Nd7 $16 23. Bxb7 Bxb2 24. Rxb2 Rxb7 25. Rxd6 Re8 26. Rbd2 Nc5 27. Rd8 Rbe7 28. Rxe8+ Rxe8 29. Rd5 Rc8 30. Nd4 b4 31. Nb5 a5 32. Nd6 Rc6 33. Nc4 a4 34. Ne5 Rc8 35. Rd4 axb3 36. axb3 Nxb3 37. Rxb4 Rc3 38. Kf2 Nc5 39. Rc4 Rxc4 40. Nxc4 Ne4+ 41. Kf3 f5 42. g4 Kg7 43. gxf5 gxf5 44. Nb6 Kf6 45. Nd5+ Ke6 46. Nb4 Kf7 47. Nd3 Kg6 48. Nf2 Nf6 49. e4 fxe4+ 50. Nxe4 Nd5 51. Ng3 Kf6 52. h4 Nc3 53. Kg4 Nd5 54. Ne4+ Kg7 55. Nd6 Ne3+ 56. Kg5 h6+ 57. Kh5 Ng2 58. f5 Ne3 59. f6+ Kxf6 60. Kxh6 Nf5+ 61. Nxf5 1/2-1/2